 Dungeon Sprint DCSS version 0.30-a0-465-g8901f6c8b5 (webtiles) character file.

Game seed: 16210589543733421199

9 NinjaNoafa the Sneak (level 2, -6/13 HPs)
             Began as a Spriggan Enchanter on Dec 19, 2022.
             Killed from afar by an oklob sapling (19 damage)
             ... with a splash of acid
             ... in the Dungeon (Sprint IV: "Fedhas' Mad Dash").
             The game lasted 00:01:00 (55 turns).

NinjaNoafa the Sneak (Spriggan Enchanter)             Turns: 55, Time: 00:01:01

Health: -6/13      AC:  2    Str:  4    XL:     2   Next: 6%
Magic:  7/7        EV: 17    Int: 16    God:
Gold:   0          SH:  0    Dex: 15    Spells: 8/8 levels left

rFire   . . .      SeeInvis +    a - +1 dagger
rCold   . . .      Faith    .    (no shield)
rNeg    . . .      Spirit   .    b - +0 robe
rPois   .          Reflect  .    (helmet restricted)
rElec   .          Harm     .    (no cloak)
rCorr   .          Rampage  .    (gloves unavailable)
Will    .....      NoTele   +    (boots unavailable)
Stlth   +++.......               (no amulet)
HPRegen 0.22/turn                (no ring)
MPRegen 0.10/turn                (no ring)

@: very quick
A: very small, no large weapons, unfitting armour, see invisible, speed 3
a: no special abilities


You were in the Dungeon.
You visited 1 branch

Inventory:

Hand Weapons
 a - a +1 dagger (weapon)
Armour
 b - a +0 robe (worn)
Scrolls
 i - a scroll of blinking
Potions
 c - 2 potions of invisibility
 d - a potion of curing
 e - a potion of heal wounds
 f - a potion of haste
 g - 2 potions of magic
 h - a potion of berserk rage


   Skills:
 - Level 1.1 Short Blades
 - Level 2.6 Dodging
 + Level 5.8 Stealth
 + Level 3.9 Spellcasting
 + Level 4.6 Hexes


You had 8 spell levels left.
You didn't know any spells.
Your spell library contained the following spells:

 Spells                   Type           Power      Damage    Failure   Level
 Confusing Touch          Hex            18%        N/A       8%          3
 Tukima's Dance           Hex            18%        N/A       8%          3
 Ensorcelled Hibernation  Hex/Ice        20%        N/A       10%         2
 Dazzling Flash           Conj/Hex       20%        N/A       21%         3


Dungeon Overview and Level Annotations

Branches:
Dungeon (1/1)

Altars:

Annotations:
D exclusion: oklob sapling


Innate Abilities, Weirdness & Mutations

You are very small and have problems with some larger weapons.
You are too small for most types of armour.
You have supernaturally acute eyesight. (SInv)
You cover ground extremely quickly. (Speed+++)


Message History

The river rat misses you.
You hit the river rat.
The river rat is moderately wounded.
The river rat misses you.
You aren't carrying any items that you can evoke.
Unknown command.
You hit the river rat.
The river rat is heavily wounded.
The river rat bites you.
You hit the river rat but do no damage.
The river rat is heavily wounded.
The river rat barely misses you.
You hit the river rat but do no damage.
The river rat is heavily wounded.
The river rat bites you.
You hit the river rat.
The river rat is almost dead.
The river rat bites you.
You hit the river rat but do no damage.
The river rat is almost dead.
The river rat misses you.
You hit the river rat.
You kill the river rat!
Your Stealth skill increases to level 5!
Your Spellcasting skill increases to level 3!
Your Hexes skill increases to level 4!
You have reached level 2!
Magic restored.
HP restored.
You open the door.
An oklob sapling comes into view.
Marking area around an oklob sapling as unsafe for travelling.
Found 41 gold pieces.
There is an open door here.
You hit the oklob sapling but do no damage.
You hit the oklob sapling but do no damage.
The oklob sapling spits acid at you. The splash of acid hits you!!
Ouch! That really hurt!
You die...

##################
#<..P#.....#.$$$$#
#PP..'.)...@.#
#PPPP#.....#P#
##############


You could see an oklob sapling.

Vanquished Creatures
  A river rat (D)
  A rat (D)
2 creatures vanquished.

Notes
Turn   | Place    | Note
-------+----------+-------------------------------------------
     0 | D        | NinjaNoafa the Spriggan Enchanter began the quest for the
                  | Orb.
     0 | D        | Reached XP level 1. HP: 9/9 MP: 5/5
    20 | D        | Reached skill level 5 in Stealth
    20 | D        | Reached XP level 2. HP: 6/13 MP: 5/7
    52 | D        | Noticed an oklob sapling
    55 | D        | Killed from afar by an oklob sapling

Illustrated notes

Levels and vault maps discovered:
D:        dungeon_sprint_fedhas [sprint_temple]

Skill      XL: |  1 |
---------------+----+-----
Stealth        | 5 |  5.8
Spellcasting   | 3 |  3.9
Hexes          | 4 |  4.6
Short Blades   | |  1.1
Dodging        | |  2.6

Action                   || total
-------------------------++-------
Melee: Dagger            ||    14
       Punch             ||     1
Dodge: Dodged            ||     8

Table legend: (Time is in decaauts)
 A = Elapsed time spent in this place.
 B = Non-inter-level travel time spent in this place.
 C = Inter-level travel time spent in this place.
 D = Time resting spent in this place.
 E = Time spent auto-exploring this place.
 F = Levels seen in this place.
 G = Mean time per level.
                   A        B        C        D        E       F      G
               +--------+--------+--------+--------+--------+-----+--------+
         Total |     50 |     50 |      0 |      0 |     31 |   1 |   50.0 |
       Dungeon |     50 |     50 |      0 |      0 |     31 |   1 |   50.0 |
               +--------+--------+--------+--------+--------+-----+--------+

Top non-repeatable levels by time:
       D: 50 daAuts
